 Dungeon Crawl Stone Soup version 0.30-a0-718-geaa24f58ff (webtiles) character file.

Game seed: 11228965126175469216

542 gelatine the Firebug (level 7, -3/48 HPs)
             Began as a Demonspawn Fire Elementalist on Jan 26, 2023.
             Killed from afar by Ijyb (12 damage)
             ... with an iceblast
             ... on level 5 of the Dungeon.
             The game lasted 00:10:23 (4221 turns).

gelatine the Firebug (Demonspawn Fire Elementalist) Turns: 4221, Time: 00:10:24

Health: -3/48      AC:  4    Str:  9    XL:     7   Next: 6%
Magic:  1/12       EV: 17    Int: 18    God:
Gold:   226        SH:  0    Dex: 13    Spells: 10/13 levels left

rFire   . . .      SeeInvis .    r - +1 quarterstaff (heavy)
rCold   + . .      Faith    .    (shield currently unavailable)
rNeg    + . .      Spirit   .    u - +2 robe {rN+}
rPois   .          Reflect  .    (no helmet)
rElec   .          Harm     .    (no cloak)
rCorr   .          Rampage  .    (no gloves)
Will    .....                    (no boots)
Stlth   ++                       (no amulet)
HPRegen 0.28/turn                n - ring of protection from cold
MPRegen 0.26/turn                (no ring)

@: agile
A: hooves 1, powered by pain 1, magic regeneration
a: no special abilities


You were on level 5 of the Dungeon.
You visited 1 branch of the dungeon, and saw 5 of its levels.

You collected 226 gold pieces.

Inventory:

Hand Weapons
 k - a +0 rapier
 r - a +1 heavy quarterstaff (weapon)
Missiles
 l - 4 curare-tipped darts
 w - 4 datura-tipped darts
Armour
 u - a +2 robe of positive energy (worn)
Magical Staves
 y - a staff of air
Jewellery
 n - a ring of protection from cold (left hand)
Scrolls
 a - a scroll of poison {unknown}
 c - a scroll of fog {unknown}
 d - 2 scrolls of teleportation {unknown}
 g - 2 scrolls of noise {unknown}
 h - 2 scrolls of enchant armour {unknown}
 i - a scroll of brand weapon {unknown}
 m - 2 scrolls of torment {unknown}
 s - 2 scrolls of vulnerability {unknown}
 x - a scroll of fear {unknown}
Potions
 b - 2 potions of magic
 e - 2 potions of haste
 f - 7 potions of curing
 j - a potion of berserk rage
 o - a potion of brilliance {unknown}
 p - a potion of might {unknown}
 q - 3 potions of heal wounds
 t - a potion of mutation {unknown}
 v - 2 potions of lignification


   Skills:
 * Level 1.6 Fighting
 + Level 1.4 Short Blades
 * Level 2.3 Dodging
 + Level 2.5 Stealth
 + Level 3.7 Spellcasting
 * Level 3.6 Conjurations
 * Level 4.4 Fire Magic


You had 10 spell levels left.
You knew the following spells:

 Your Spells              Type           Power      Damage    Failure   Level
a - Foxfire               Conj/Fire      68%        2x1d7     3%          1
b - Scorch                Fire           38%        2d6       3%          2

Your spell library contained the following spells:

 Spells                   Type           Power      Damage    Failure   Level
 Static Discharge         Conj/Air       18%        2-3/arc   11%         2
 Inner Flame              Hex/Fire       11%        N/A       19%         3
 Kindle Blastsparks       Fire/Tloc/Air  16%        2d11      26%         3
 Flame Wave               Conj/Fire      17%        2d7       28%         4
 Vhi's Electric Charge    Tloc/Air       6%         N/A       41%         3
 Arcjolt                  Conj/Air       4%         1d14      89%         5
 Lightning Bolt           Conj/Air       4%         1d16      89%         5
 Yara's Violent Unravell  Hex/Tmut       1%         3d3       99%         5
 Enfeeble                 Hex            1%         N/A       100%        7


Dungeon Overview and Level Annotations

Branches:
Dungeon (5/15)
 Temple: D:4-7

Altars:
Yredelemnul

Annotations:
D:5 Ijyb


Innate Abilities, Weirdness & Mutations

You have large cloven feet.
You sometimes gain a little power by taking damage.
You regenerate magic rapidly.


Message History

Confirm with . or Enter, or press ? or * to list all spells.
Flames lash Ijyb but do no damage.
The foxfire hits Ijyb but does no damage.
Ijyb is moderately wounded.
Casting: Scorch (safe; 3% risk of failure)
Confirm with . or Enter, or press ? or * to list all spells.
Flames lash Ijyb but do no damage.
You hear a shout!
Ijyb is no longer more vulnerable to fire.
Ijyb barely misses you.
You conjure some foxfire!
An orc comes into view. It is wielding a +0 mace.
Ijyb barely misses you.
Casting: Foxfire (safe; 3% risk of failure)
Confirm with . or Enter, or press ? or * to list all spells.
You don't have enough magic to cast this spell.
You closely miss Ijyb. Your kick misses Ijyb.
Ijyb is moderately wounded.
The foxfire hits Ijyb but does no damage.
Ijyb is moderately wounded.
The foxfire hits Ijyb but does no damage.
Ijyb is moderately wounded.
Ijyb hits you with a +0 dagger.
You hit Ijyb.
Ijyb is heavily wounded.
Ijyb hits you with a +0 dagger. The ogre hits you with a +0 giant club.
Ijyb hits you with a +0 dagger.
Casting: Foxfire (safe; 3% risk of failure)
Confirm with . or Enter, or press ? or * to list all spells.
Flames lash Ijyb.
Ijyb resists.
Ijyb is severely wounded.
Ijyb's fire resistance burns away.
Ijyb hits you with a +0 dagger. The ogre closely misses you.
Ijyb zaps a wand.
The mass of ice explodes!
The iceblast engulfs you! You partially resist.
* * * LOW HITPOINT WARNING * * *
You hear a shout!
Ijyb attacks as you move away! Ijyb barely misses you.
Ijyb zaps a wand.
The mass of ice explodes!
The iceblast engulfs you! You partially resist.
You die...

##............. #
#...............##. #.
#...............#..
#.##..................
.##..#................#
......................##
#....................#
#####.................#
#...<......@.O....#
.....#####.....og.#..#
... #............# .
#..?.............
..................
##.......(......<#
#..........####...
##........## ##.
.........


You could see an ogre, Ijyb (combustible) and an orc.

Vanquished Creatures
  Sigmund (D:3)
  A bullfrog zombie (D:4)
  A gnoll bouda (D:4)
  An orc priest (D:4)
  Terence (D:3)
  An iguana (D:4)
  2 scorpion zombies (D:4)
  An adder (D:2)
  7 gnolls
  An adder zombie (D:4)
  2 worms
  13 dart slugs
  3 orcs (D:4)
  6 endoplasms
  A giant cockroach (D:1)
  6 goblins
  9 hobgoblins
  8 jackals
  5 kobolds
  3 quokkas
  5 ball pythons
  5 bats
  2 frilled lizards (D:3)
  7 rats
92 creatures vanquished.

Vanquished Creatures (collateral kills)
  3 foxfires (D:1)
3 creatures vanquished.

Vanquished Creatures (others)
  378 foxfires
378 creatures vanquished.

Grand Total: 473 creatures vanquished

Notes
Turn   | Place    | Note
-------+----------+-------------------------------------------
     0 | D:1      | gelatine the Demonspawn Fire Elementalist began the quest
                  | for the Orb.
     0 | D:1      | Reached XP level 1. HP: 13/13 MP: 3/3
   272 | D:1      | Reached skill level 3 in Fire Magic
   327 | D:1      | Gained mutation: You have large cloven feet. [demonic
                  | ancestry]
   327 | D:1      | Reached XP level 2. HP: 19/19 MP: 3/5
   566 | D:1      | Learned a level 2 spell: Scorch
  1266 | D:2      | Gained mutation: You regenerate magic rapidly. [demonic
                  | ancestry]
  1266 | D:2      | Reached XP level 3. HP: 9/24 MP: 2/6
  1592 | D:2      | Reached XP level 4. HP: 30/30 MP: 1/7
  1849 | D:2      | Found a faded altar of an unknown god.
  1987 | D:3      | Noticed Terence
  2002 | D:3      | Killed Terence
  2137 | D:3      | Noticed Sigmund
  2157 | D:3      | Killed Sigmund
  2158 | D:3      | Reached XP level 5. HP: 6/36 MP: 8/10
  2158 | D:3      | Reached XP level 6. HP: 7/42 MP: 8/11
  2500 | D:3      | Reached skill level 4 in Fire Magic
  2923 | D:4      | Reached skill level 1 in Short Blades
  3152 | D:4      | Reached skill level 1 in Fighting
  3406 | D:4      | Gained mutation: You sometimes gain a little power by
                  | taking damage. [demonic ancestry]
  3406 | D:4      | Reached XP level 7. HP: 25/48 MP: 5/12
  3504 | D:4      | Found a basalt altar of Yredelemnul.
  4191 | D:5      | Entered Level 5 of the Dungeon
  4205 | D:5      | Noticed Ijyb
  4221 | D:5      | Killed from afar by Ijyb

Illustrated notes

Levels and vault maps discovered:
D:1:      dpeg_arrival_water_fire, layout_loops_ring
D:2:      layout_basic, ebering_ecumenical_altar_ruins
D:3:      layout_basic, mainiacjoe_overflow_alcove_1,
          minmay_misc_feat_four_crosses, uniq_sigmund, uniq_terence
D:4:      kennysheep_slugbush, layout_basic, nicolae_yredelemnul_corpse_copse
D:5:      minmay_spotlight, layout_rooms, serial_shops, kennysheep_mini_moat,
          nicolae_take_the_stairs, uniq_pikel, uniq_ijyb

Skill      XL: |  1  2  3  4  5  6 |
---------------+-------------------+-----
Fire Magic     | 3 4 |  4.4
Dodging        | 2 |  2.3
Stealth        | 2 |  2.5
Conjurations   | 2 3 |  3.6
Spellcasting   | 3 |  3.7
Short Blades   | 1 |  1.4
Fighting       | 1 |  1.6

Action                     |  1- 3 |  4- 6 |  7- 9 || total
---------------------------+-------+-------+-------++-------
  Melee: Unarmed           |     6 |       |       ||     6
         Punch             |     1 |       |       ||     1
         Short sword       |    20 |       |       ||    20
         Kick              |     7 |     7 |       ||    14
         Rapier            |       |    13 |       ||    13
         Quarterstaff      |       |     9 |     3 ||    12
   Cast: Foxfire           |    55 |   139 |    29 ||   223
         Scorch            |       |     3 |     4 ||     7
    Use: Scroll            |       |       |     5 ||     5
   Stab: Sleeping          |     1 |       |       ||     1
 Armour: Robe              |     6 |     8 |       ||    14
  Dodge: Dodged            |    23 |    23 |     4 ||    50

Table legend: (Time is in decaauts)
 A = Elapsed time spent in this place.
 B = Non-inter-level travel time spent in this place.
 C = Inter-level travel time spent in this place.
 D = Time resting spent in this place.
 E = Time spent auto-exploring this place.
 F = Levels seen in this place.
 G = Mean time per level.
                   A        B        C        D        E       F      G
               +--------+--------+--------+--------+--------+-----+--------+
         Total |   4244 |   4115 |    129 |      0 |   3429 |   5 |  848.8 |
       Dungeon |   4244 |   4115 |    129 |      0 |   3429 |   5 |  848.8 |
               +--------+--------+--------+--------+--------+-----+--------+

Top non-repeatable levels by time:
     D:4: 1297 daAuts
     D:1: 1250 daAuts
     D:3: 982 daAuts
     D:2: 683 daAuts
     D:5: 31 daAuts
